 Dungeon Crawl Stone Soup version 0.25-a0-578-gc91f01c39c (webtiles) character file.

Game seed: 8688711985636205518, levelgen mode: deterministic

3 KiliKikkendorf the Slasher (level 1, 0/17 HPs)
             Began as a Ghoul Gladiator on Mar 6, 2020.
             Slain by a hobgoblin
             ... wielding a +0 club
              (2 damage)
             ... on level 1 of the Dungeon.
             The game lasted 00:06:02 (341 turns).

KiliKikkendorf the Slasher (Ghoul Gladiator)         Turns: 341, Time: 00:06:03

Health: 0/17       AC:  3    Str: 17    XL:     1   Next: 50%
Magic:  0/0        EV: 12    Int:  3    God:
Gold:   40         SH:  0    Dex: 10    Spells: 0/0 levels left

rFire    . . .     SeeInvis .   a - +0 long sword
rCold    + . .     Gourm    .   (no shield)
rNeg     + + +     Faith    .   e - +0 robe
rPois    ∞         Spirit   .   c - +0 helmet
rElec    .         Reflect  .   (no cloak)
rCorr    .         Harm     .   (no gloves)
MR       .....                  (no boots)
Stlth    +.........             (no amulet)
HPRegen  0.00/turn              (no ring)
MPRegen  0.07/turn              (no ring)

@: rotting
A: rotting body, claws 1, carnivore, cold resistance 1, negative energy
resistance 3, inhibited regeneration, torment resistance, unbreathing
a: no special abilities


You were on level 1 of the Dungeon.
You were not hungry.

You visited 1 branch of the dungeon, and saw 1 of its levels.

You collected 40 gold pieces.

Inventory:

Hand Weapons
 a - a +0 long sword (weapon)
 h - a +0 dagger
Missiles
 d - 3 throwing nets (quivered)
Armour
 b - a +0 leather armour
 c - a +0 helmet (worn)
 e - a +0 robe (worn)
Scrolls
 g - a scroll of teleportation
Comestibles
 f - a ration


   Skills:
 + Level 2.3 Fighting
 + Level 2.8 Long Blades
 + Level 1.7 Throwing
 + Level 2.7 Dodging


You couldn't memorise any spells.
You didn't know any spells.
Your spell library was empty.

Dungeon Overview and Level Annotations

Branches:
Dungeon (1/15)

Altars:


Innate Abilities, Weirdness & Mutations

Your body is rotting away.
You thrive on raw meat.
You are immune to poison.
You have sharp fingernails.
You are carnivorous and can eat meat at any time.
Your flesh is cold resistant. (rC+)
You are immune to negative energy. (rN+++)
You do not regenerate when monsters are visible.
You are immune to unholy pain and torment.
You can survive without breathing.


Message History

You see here a dagger.
h - a dagger What are your orders? t - Shout!
Orders for allies: a - Attack new target. r - Retreat! s - Stop attacking. g - Guard the area. f - Follow me.
Anything else - Cancel.
Okay, then.
You closely miss the hobgoblin. The hobgoblin misses you.
You barely miss the hobgoblin. The hobgoblin closely misses you.
You hit the hobgoblin.
The hobgoblin is moderately wounded.
The hobgoblin hits you with a +0 club.
You closely miss the hobgoblin.
The hobgoblin is moderately wounded.
The hobgoblin hits you with a +0 club.
* * * LOW HITPOINT WARNING * * *
The hobgoblin hits you with a +0 club.
You die...

#.# #.#.#...g#.##.# #..
..###.#.#....#.##.# #..
#.#.#.#.#.........# #..
#.#...#.####.#g########..
# #.#.#.....##.#.#
#...... #.##.#.#..#.#
#.#.#.....###.
##...........#####.#....
#.
###.###.##..).###....#...
#. ...#
#.##....@g..###### #.
#.###.####..##..# #.
#.......##..#...# #.
#................. ##.
#........#......... #..
#.##.....##.#.#...... #.#
#.##.....##.#........ #.
#.##.....##.......... #.
#.##.....# .. #.


You could see a hobgoblin.

Vanquished Creatures
  A goblin (D:1)
  A hobgoblin (D:1)
  A kobold (D:1)
3 creatures vanquished.

Notes
Turn   | Place    | Note
-------+----------+-------------------------------------------
     0 | D:1      | KiliKikkendorf the Ghoul Gladiator began the quest for the
                  | Orb.
     0 | D:1      | Reached XP level 1. HP: 17/17 MP: 0/0
   341 | D:1      | Slain by a hobgoblin

Levels and vault maps discovered:
D:1:      nicolae_arrival_somewhat_less_tricky_arrival, layout_basic

Action                   || total
-------------------------++-------
Melee: Long sword        ||    16
  Use: Scroll            ||     2
  Eat: Chunk             ||     3
Armor: Robe              ||     3
Dodge: Dodged            ||     9
       Rpst.: Long sword ||     1

Table legend:
 A = Non-vault XP
 B = Vault XP
 C = Vault XP percentage of total XP
 D = Non-vault monster count
 E = Vault monster count
 F = Vault count percentage of total count
                 A         B        C        D         E       F
            +---------+---------+-------+---------+---------+-------
      Total |       5 |       0 |   0.0 |       3 |       0 |   0.0
            +---------+---------+-------+---------+---------+-------
        D:1 |       5 |       0 |   0.0 |       3 |       0 |   0.0
            +---------+---------+-------+---------+---------+-------
